 Dungeon Crawl Stone Soup version 0.15-a0-1269-g8ca96ae (webtiles) character file.

28 mickemicke the Magician (level 3, -4/24 HPs)
             Began as a Mummy Wizard on June 5, 2014.
             Slain by a gnoll
             ... wielding a +0,+0 whip
              (5 damage)
             ... on Level 1 of the Dungeon.
             The game lasted 00:03:56 (1155 turns).

mickemicke the Magician (Mummy Wizard)              Turns: 1155, Time: 00:03:56

HP  -4/24        AC  2     Str 10      XL: 3   Next:  0%
MP   2/8         EV 12     Int 18      God:
Gold 0           SH  0     Dex 10      Spells:  1 memorised,  7 levels left

rFire  x . .     SeeInvis .     e - +1,+0 dagger (drain)
rCold  + . .     Clarity  .     a - +0 robe
rNeg   + + +     rCorr    .     (no shield)
rPois  +         rRot     +     b - +0 hat
rElec  .         Spirit   .     (no cloak)
SustAb .         Warding  .     (no gloves)
rMut   .         Stasis   .     (no boots)
Gourm  .                        (no amulet)
MR     .....                    (no ring)
                                (no ring)

@: very slightly contaminated, not resistant to hostile enchantments, unstealthy
A: no food or potions, fire vulnerability, restore body, cold resistance 1, life
protection 3, poison resistance, torment resistance, unbreathing
a: no special abilities


You were on level 1 of the Dungeon.
You were not hungry.

You visited 1 branch of the dungeon, and saw 2 of its levels.

Inventory:

Hand weapons
 e - a +1,+0 dagger of draining (weapon)
Missiles
 i - 17 poisoned needles
 k - 7 stones (quivered)
Armour
 a - a +0 robe (worn)
 b - a +0 hat (worn)
Scrolls
 d - a scroll of enchant weapon I {unknown}
 f - a scroll of recharging {unknown}
 g - a scroll of enchant armour {unknown}
 h - a scroll of remove curse {unknown}
 j - a scroll of teleportation {unknown}
Books
 c - a book of Minor Magic

   Spells                             Type                      Level
   *Magic Dart                        Conjuration                  1
   Blink                              Translocation                2
   Call Imp                           Summoning                    2
   Repel Missiles                     Charms/Air                   2
   Slow                               Hexes                        2
   Conjure Flame                      Conjuration/Fire             3
   Mephitic Cloud                     Conjuration/Poison/Air       3


   Skills:
 + Level 1.9 Dodging
 + Level 2.1 Stealth
 + Level 3.2 Spellcasting
 + Level 1.2 Conjurations
   Level 0.7 Summonings
   Level 0.7 Translocations


You had 7 spell levels left.
You knew the following spells:

 Your Spells              Type           Power        Failure   Level  Hunger
a - Magic Dart            Conj           #...         12%         1    N/A

Dungeon Overview and Level Annotations

Branches:
Dungeon (2/15)

Altars:


Innate Abilities, Weirdness & Mutations

You do not eat or drink.
Your flesh is vulnerable to fire.
Your flesh is cold resistant.
You are immune to negative energy.
Your system is resistant to poisons.
You are immune to unholy pain and torment.
You can survive without breathing.


Message History

Aiming: Magic Dart
Press: ? - help, Shift-Dir - straight line, f/p - gnoll
Aim: a gnoll, wielding a spear (severely wounded)
The magic dart hits the gnoll.
The gnoll is severely wounded.
The gnoll hits you with a spear.
* * * LOW HITPOINT WARNING * * *
The gnoll barely misses you.
You hit the gnoll but do no damage. You drain the gnoll!
The gnoll is almost dead.
The gnoll completely misses you. The gnoll closely misses you.
You hit the gnoll.
You kill the gnoll!
Your Stealth skill increases to level 2!
You have reached level 3!
Your experience leads to an increase in your attributes!
Increase (S)trength, (I)ntelligence, or (D)exterity?
You feel clever. The gnoll hits you with a whip.
You die...

#.....### #...##### #.......#
#........
######.......#####...#####
#.........................
#####.#####...####.....#...###
#.....# #....# #.#####......
#...%## #....####.##.....%...
#..).# ##....#.....#.....#...
###..# ##....@gh..........###.
##.####.....)##.....###### ##
#...##.............## #
##...##........######### ###
#....##....%...# #...# #..
##.#.......#....## #...## #.(
#..#.##...##.##..####....####..
#.##....#^.#.##.....(..........
#.#####............###...####..


You could see a gnoll and a jackal.

Vanquished Creatures
  A gnoll (D:1)
  2 ball pythons (D:1)
  A giant cockroach (D:1)
  3 hobgoblins (D:1)
  3 bats (D:1)
  A giant newt (D:1)
  7 goblins (D:1)
  A rat (D:1)
19 creatures vanquished.

Notes
Turn   | Place    | Note
--------------------------------------------------------------
     0 | D:1      | mickemicke, the Mummy Wizard, began the quest for the Orb.
     0 | D:1      | Reached XP level 1. HP: 13/13 MP: 4/4
   487 | D:1      | Reached XP level 2. HP: 19/19 MP: 3/6
   702 | D:1      | Reached skill level 1 in Conjurations
  1155 | D:1      | Reached XP level 3. HP: 1/24 MP: 2/8
  1155 | D:1      | Slain by a gnoll

Action                   || total
-------------------------++-------
Melee: Unarmed           ||     7
       Dagger            ||    14
 Cast: Magic Dart        ||    44
